 Dungeon Crawl Stone Soup version 0.21.1-1-g345015fe64 (webtiles) character file.

115150 Peloso the Peltast (level 16, -23/147 HPs)
             Began as a Minotaur Fighter on July 16, 2018.
             Was the Champion of Okawaru.
             Annihilated by a kraken (29 damage)
             ... on level 1 of the Shoals.
             The game lasted 01:29:24 (28250 turns).

Peloso the Peltast (Minotaur Fighter)              Turns: 28250, Time: 01:29:25

Health: -23/147    AC: 24    Str: 29    XL:     16   Next: 18%
Magic:  17/17      EV: 14    Int:  5    God:    Okawaru [******]
Gold:   1830       SH: 27    Dex: 15    Spells: 15/15 levels left

rFire    . . .     SeeInvis +   a - +6 long sword (flame)
rCold    + + +     Gourm    .   c - +1 large shield {reflect}
rNeg     . . .     Faith    +   b - +1 plate armour
rPois    +         Spirit   .   v - +1 hat of Knowledge {rC+ Str+3 Dex+3}
rElec    .         Reflect  +   o - scarf {cloud immunity}
rCorr    +         Harm     .   j - +0 pair of gloves of Goxtylop {rPois rC++}
MR       +....                  d - +0 pair of boots {run}
Stlth    ..........             x - amulet of faith
HPRegen  0.34/turn              N - ring of see invisible
MPRegen  0.15/turn              E - ring of resist corrosion

@: heroism, very slow
A: retaliatory headbutt, horns 2
a: Heroism, Finesse, Renounce Religion


You were on level 1 of the Shoals.
You worshipped Okawaru.
Okawaru was exalted by your worship.
You were not hungry.

You visited 5 branches of the dungeon, and saw 25 of its levels.
You also visited: Labyrinth, Ossuary and Bailey.

You collected 2979 gold pieces.
You spent 1149 gold pieces at shops.

Inventory:

Hand Weapons
 a - a +6 long sword of flaming (weapon)
Armour
 b - a +1 plate armour (worn)
 c - a +1 large shield of reflection (worn)
 d - a +0 pair of boots of running (worn)
 j - the +0 pair of gloves of Goxtylop (worn) {rPois rC++}
   (You bought it in a shop on level 2 of the Orcish Mines)

   It greatly protects you from cold.
   It protects you from poison.
 l - a +1 shield of protection
 o - a scarf of cloud immunity (worn)
 v - the +1 hat of Knowledge (worn) {rC+ Str+3 Dex+3}
   (Okawaru gifted it to you on level 1 of the Lair of Beasts)

   It affects your strength (+3).
   It affects your dexterity (+3).
   It protects you from cold.
 H - a +1 pair of gloves
 M - the +0 shield of Qecvu {Str+2 Slay+2}
   (Okawaru gifted it to you on level 4 of the Lair of Beasts)

   It affects your strength (+2).
   It affects your accuracy and damage with ranged weapons and melee attacks
   (+2).
 W - a +2 cloak of poison resistance
Jewellery
 p - the cursed necklace of Bloodlust {*Rage +Rage MR++ Int-3 Slay+6 *Curse}
   (You found it on level 15 of the Dungeon)

   [amulet of rage]

   It affects your intelligence (-3).
   It affects your accuracy and damage with ranged weapons and melee attacks
   (+6).
   It affects your resistance to hostile enchantments.
   It lets you go berserk.
   It may make you go berserk in combat.
   It curses itself when equipped.
   It has a curse placed upon it.
 x - an amulet of faith (around neck)
 C - an uncursed ring of ice
 E - a ring of resist corrosion (right hand)
 F - an uncursed amulet of rage
 N - a ring of see invisible (left hand)
Wands
 r - a wand of polymorph (14)
 P - a wand of digging (1)
Scrolls
 h - 2 scrolls of enchant armour
 i - a scroll of fear
 s - 9 scrolls of teleportation
 t - a scroll of amnesia
 u - 10 scrolls of remove curse
 y - 7 scrolls of blinking
 J - 3 scrolls of magic mapping
 K - 10 scrolls of identify
Potions
 e - 8 potions of agility
 g - a potion of mutation
 k - 2 potions of resistance
 m - 3 potions of invisibility
 n - 3 potions of flight
 w - 8 potions of heal wounds
 z - 4 potions of berserk rage
 A - 2 potions of haste
 G - 8 potions of curing
 R - 3 potions of might
Books
 q - the Papyrus of the Doomed Mountains
   (You found it on level 15 of the Dungeon)

   Spells                             Type                      Level
   a - Sandblast                      Earth                        1
   b - Animate Skeleton               Necromancy                   1
   c - Pain                           Necromancy                   1
   d - Regeneration                   Charms/Necromancy            3
   e - Petrify                        Transmutation/Earth          4
   f - Lee's Rapid Deconstruction     Earth                        5
   g - Borgnjor's Vile Clutch         Necromancy/Earth             5
Miscellaneous
 D - a box of beasts
Comestibles
 f - 38 rations


   Skills:
 + Level 14.6(19.6) Fighting
 + Level 16.8(21.8) Long Blades
 + Level 15.1(20.1) Armour
 + Level 4.2(9.2) Dodging
 + Level 2.3(7.3) Stealth
 + Level 19.6(24.6) Shields
 + Level 3.2 Invocations
 + Level 1.6 Evocations


You had 15 spell levels left.
You didn't know any spells.

Dungeon Overview and Level Annotations

Branches:
Dungeon (15/15)            Temple (0/1) D:5            Lair (6/6) D:9
 Shoals (1/4) Lair:2        Snake (1/4) Lair:2        Slime (0/5) Lair:6
    Orc (2/2) D:10            Elf (0/3) Orc:2        Vaults (0/5) D:13
 Depths (0/5) D:15

Altars:
Okawaru
Zin

Shops:
D:4 ?   D:6 !   Orc:2 =[[(?:[?=

Annotations:
Orc:1 brittlin's ghost, journeyman HOFi


Innate Abilities, Weirdness & Mutations

You reflexively headbutt those who attack you in melee.
You have a pair of horns on your head.


Message History

* * * LOW HITPOINT WARNING * * *
You block the tentacle's attack. The tentacle slaps you.
* * * LOW HITPOINT WARNING * * *
The tentacle slaps you but does no damage.
The tentacle closely misses you.
You riposte.
You hit the tentacle. You burn the tentacle. You headbutt the tentacle!
The tentacle is moderately wounded.
Unknown command.
Unknown command.
You hit the kraken. You burn the kraken.
You headbutt the kraken, but do no damage.
The kraken is severely wounded.
The kraken squirts a massive cloud of ink into the water!
You block the tentacle's attack. x2; The tentacle closely misses you.
You block the tentacle's attack.
Unknown command.
You hit the kraken but do no damage. You headbutt the kraken.
The kraken is almost dead.
The kraken bites you!!
You die...

≈≈≈≈≈≈≈≈≈≈≈≈≈≈
≈≈≈≈≈≈≈≈≈≈≈≈≈≈≈≈≈≈≈≈≈≈≈≈
≈≈≈...≈≈≈≈≈≈≈≈≈≈≈≈≈.≈≈≈≈
≈≈≈...≈≈≈≈≈≈≈≈≈≈≈≈≈≈≈≈≈≈
≈≈≈...≈≈≈≈≈≈≈≈≈≈≈≈≈≈≈≈≈≈
≈≈≈.##.≈≈≈≈≈≈≈≈≈≈§≈≈≈≈≈≈
≈≈.##..≈≈≈≈≈≈≈§§§≈≈≈≈≈≈≈
≈≈..#....≈≈≈≈≈§w§§≈≈≈≈≈≈
.≈.....#.≈≈≈≈≈§w@§§≈≈≈≈≈
≈≈....##.≈≈≈≈≈§wXw§≈≈≈≈≈
≈≈.......≈≈≈≈≈§§§§§≈≈≈≈≈
≈≈≈..≈≈.≈≈≈≈≈≈≈≈≈≈≈≈≈≈≈≈
≈≈≈≈≈≈≈≈≈≈≈≈≈≈≈≈≈≈≈≈≈≈≈≈
≈≈≈≈≈≈≈≈≈≈≈≈≈≈≈≈≈≈≈≈≈≈≈≈
≈≈≈≈≈≈≈≈≈≈≈≈≈≈≈≈≈≈≈≈≈≈≈≈
≈≈≈≈≈≈≈≈≈≈≈≈≈≈≈≈≈≈≈≈≈≈≈≈
≈≈≈≈≈≈≈≈≈≈≈≈≈≈≈≈≈≈≈≈≈≈


You could see a kraken and 4 tentacles.

Vanquished Creatures
  Gastronok (Lair:2)
  Kirke (D:13)
  A war gargoyle (D:15)
  An ettin (Orc:1)
  Josephine (D:11)
  A minotaur (Lab)
  A fire dragon (Lair:6)
  2 ogre magi (Orc:2)
  Fannar (Lair:3)
  An ice dragon (Lair:6)
  A vault guard (D:13)
  4 anacondas
  8 hydras
  11 two-headed ogres
  4 death yaks (Lair:4)
  A centaur warrior (D:14)
  Urug (D:13)
  An orc high priest (Orc:1)
  The ghost of AdeptTechnicus the Covert, a journeyman SpAs of Wu Jian (D:11)
  2 tengu warriors (D:15)
  Nergalle (Lair:1)
  3 skeletal warriors (D:14)
  An iron troll (D:13)
  4 sea snakes (Shoals:1)
  2 deep trolls (Orc:2)
  A swamp dragon (Lair:6)
  Pikel (D:4)
  A naga ritualist (Snake:1)
  2 lindwurms (Lair:6)
  7 harpies (Shoals:1)
  An orc sorcerer (Orc:1)
  2 orc knights
  8 ugly things
  4 manticores
  A faun (Shoals:1)
  3 cyclopes
  2 merfolk sirens (Shoals:1)
  2 oklob plants (Lair:3)
  9 elephants
  Maurice (D:9)
  9 black mambas
  A naga mage (Snake:1)
  5 torpor snails (Lair:6)
  2 gargoyles
  Psyche (D:8)
  8 spiny frogs
  10 komodo dragons
  6 rime drakes
  3 efreet
  A polar bear (Lair:6)
  2 tengu conjurers (D:13)
  7 merfolk (Shoals:1)
  16 trolls
  A polar bear (shapeshifter) (D:15)
  A merfolk (shapeshifter) (D:15)
  2 tyrant leeches (Lair:6)
  9 hornets
  11 slime creatures
  Grinder (D:4)
  A dream sheep (shapeshifter) (D:15)
  5 dream sheep (Lair:6)
  12 blink frogs
  11 hippogriffs
  3 snapping turtles (Shoals:1)
  A spriggan (D:8)
  Eustachio (D:5)
  A spriggan (shapeshifter) (D:15)
  7 wraiths
  2 water elementals (Shoals:1)
  23 yaks
  18 wyverns
  Grum (D:8)
  9 basilisks
  A hog (shapeshifter) (D:13)
  4 hungry ghosts (Lab)
  3 hogs (D:13)
  3 steam dragons
  3 vampire mosquitoes (D:12)
  A warg (D:15)
  Edmund (D:4)
  4 acid dragons
  9 nagas
  2 hell hounds (D:15)
  12 water moccasins
  7 porcupines
  2 black bears
  2 sky beasts
  A swamp drake (Lair:6)
  10 orc warriors
  An ice beast (D:6)
  A meliai simulacrum (D:14)
  The ghost of Tali the Covered, an amateur MiFi (D:3)
  2 phantoms
  An eye of draining (D:13)
  A necrophage (D:12)
  25 ogres
  3 centaurs
  15 wolves
  17 crocodiles
  Blork the orc (D:4)
  14 bullfrogs
  4 big kobolds
  3 gnoll sergeants
  A water moccasin zombie (D:5)
  2 wyvern skeletons
  2 scorpions
  19 killer bees
  6 wights
  7 howler monkeys
  6 crimson imps
  8 centaur zombies
  3 bullfrog zombies (D:6)
  4 hounds
  A quasit (D:12)
  11 jellies
  5 centaur skeletons
  10 orc priests
  25 orc wizards
  6 bullfrog skeletons
  6 iguanas
  4 hell rats (Lair:5)
  5 worker ants
  5 hound zombies
  A hound skeleton (D:6)
  3 mummies (Ossuary)
  Robin (D:2)
  2 howler monkey zombies (D:6)
  42 gnolls
  10 adders
  2 shadow imps (D:9)
  3 adder zombies (D:6)
  5 worms
  An adder skeleton (D:6)
  3 dart slugs
  3 leopard geckos
  88 orcs
  7 giant cockroaches
  13 goblins
  26 hobgoblins
  9 jackals
  59 kobolds
  5 quokkas
  4 ball pythons
  A ball python skeleton (D:5)
  11 bats
  2 frilled lizards (D:3)
  A gnoll zombie (D:4)
  3 goblin zombies (Ossuary)
  A hobgoblin zombie (Ossuary)
  2 kobold zombies (Ossuary)
  An orc zombie (Ossuary)
  A quokka skeleton (D:6)
  A quokka zombie (D:6)
  4 rats
  A fungus (Lair:6)
  7 plants
  A tentacle (Shoals:1)
906 creatures vanquished.

Vanquished Creatures (others)
  Nessos (D:13)
  A cyclops (D:14)
  2 humans (D:13)
  2 centaurs (Shoals:1)
  A howler monkey (D:13)
  An iguana (D:4)
  3 fungi
  5 plants
16 creatures vanquished.

Grand Total: 922 creatures vanquished

Notes
Turn   | Place    | Note
-------+----------+-------------------------------------------
     0 | D:1      | Peloso the Minotaur Fighter began the quest for the Orb.
     0 | D:1      | Reached XP level 1. HP: 19/19 MP: 0/0
     6 | D:1      | Noticed a polar bear
     6 | D:1      | Noticed a worker ant
     6 | D:1      | Noticed a six-headed hydra
    86 | D:1      | Reached XP level 2. HP: 20/27 MP: 1/1
   255 | D:1      | Reached XP level 3. HP: 33/33 MP: 2/2
   605 | D:2      | Reached skill level 4 in Shields
   772 | D:2      | Reached XP level 4. HP: 37/40 MP: 3/3
  1321 | D:2      | Noticed Robin
  1336 | D:2      | Killed Robin
  1533 | D:3      | Noticed Tali's ghost (amateur MiFi)
  1540 | D:3      | Killed Tali's ghost
  1540 | D:3      | Reached skill level 5 in Long Blades
  1540 | D:3      | Reached XP level 5. HP: 32/47 MP: 4/4
  1650 | D:3      | Noticed a sky beast
  1669 | D:3      | Killed a sky beast
  1669 | D:3      | Reached skill level 5 in Shields
  1669 | D:3      | Reached XP level 6. HP: 37/53 MP: 5/5
  2092 | D:4      | Reached skill level 6 in Shields
  2103 | D:4      | Reached skill level 5 in Armour
  2103 | D:4      | Reached XP level 7. HP: 57/60 MP: 6/6
  2147 | D:4      | Found a sand-covered staircase.
  2153 | Ossuary  | Entered an ossuary
  2153 | Ossuary  | Noticed a wraith
  2153 | Ossuary  | Noticed a wraith
  2153 | Ossuary  | Noticed a wraith
  2346 | Ossuary  | Noticed a wraith
  2360 | Ossuary  | Killed a wraith
  2833 | D:4      | Noticed Blork the orc
  2846 | D:4      | Killed Blork the orc
  2846 | D:4      | Reached skill level 5 in Fighting
  3043 | D:4      | Noticed Edmund
  3057 | D:4      | Killed Edmund
  3057 | D:4      | Reached XP level 8. HP: 55/69 MP: 7/7
  3262 | D:4      | Found Disaf's Magic Scroll Shop.
  3281 | D:4      | Reached skill level 7 in Shields
  3402 | D:4      | Bought a scroll of enchant weapon for 82 gold pieces
  3402 | D:4      | Bought a scroll of identify for 22 gold pieces
  3402 | D:4      | Bought a scroll of identify for 22 gold pieces
  3416 | D:4      | Noticed Pikel
  3440 | D:4      | Killed Pikel
  3440 | D:4      | Reached skill level 1 in Stealth
  3604 | D:4      | Noticed Grinder
  3660 | D:4      | Paralysed by Grinder for 5 turns
  3670 | D:4      | Paralysed by Grinder for 4 turns
  3676 | D:4      | Killed Grinder
  3796 | D:4      | Reached XP level 9. HP: 66/78 MP: 8/8
  4289 | D:5      | Entered Level 5 of the Dungeon
  4362 | D:5      | Noticed Eustachio
  4380 | D:5      | Killed Eustachio
  4560 | D:5      | Reached skill level 1 in Dodging
  4577 | D:5      | Reached skill level 8 in Shields
  4691 | D:5      | Found an iron altar of Okawaru.
  4707 | D:5      | Became a worshipper of Warmaster Okawaru
  4816 | D:5      | Found a glowing silver altar of Zin.
  4848 | D:5      | Found a staircase to the Ecumenical Temple.
  5310 | D:6      | Found Leymur's Distillery.
  5313 | D:6      | Bought a potion of heal wounds for 55 gold pieces
  5396 | D:6      | Reached skill level 10 in Long Blades
  5410 | D:6      | Reached * piety under Okawaru
  5529 | D:6      | Noticed a troll
  5536 | D:6      | Killed a troll
  5562 | D:6      | Reached skill level 9 in Shields
  5829 | D:6      | Reached ** piety under Okawaru
  5876 | D:6      | Reached XP level 10. HP: 88/88 MP: 9/9
  6315 | D:7      | Found an iron altar of Okawaru.
  6585 | D:7      | Reached *** piety under Okawaru
  7005 | D:8      | Noticed Grum
  7017 | D:8      | Reached skill level 10 in Shields
  7028 | D:8      | Killed Grum
  7069 | D:8      | Noticed Psyche
  7085 | D:8      | Killed Psyche
  7212 | D:8      | Received a gift from Okawaru
  7431 | D:8      | Reached **** piety under Okawaru
  7656 | D:9      | Reached skill level 10 in Armour
  7705 | D:9      | Noticed Maurice
  7727 | D:9      | Killed Maurice
  7727 | D:9      | Reached XP level 11. HP: 86/95 MP: 10/10
  8346 | D:9      | Reached ***** piety under Okawaru
  8348 | D:9      | Noticed a two-headed ogre
  8352 | D:9      | Killed a two-headed ogre
  8352 | D:9      | Reached skill level 11 in Shields
  8573 | D:9      | Found a staircase to the Lair.
  8675 | D:9      | Identified a scroll of acquirement
  8749 | D:10     | Entered Level 10 of the Dungeon
  8992 | D:10     | Found a staircase to the Orcish Mines.
  9425 | D:11     | Found a flagged portal.
  9452 | Bailey   | Entered a bailey
  9624 | Bailey   | Noticed an orc knight
  9643 | Bailey   | Killed an orc knight
 10037 | D:11     | Noticed a two-headed ogre
 10042 | D:11     | Killed a two-headed ogre
 10042 | D:11     | Received a gift from Okawaru
 10051 | D:11     | Reached skill level 12 in Shields
 10081 | D:11     | Noticed a green ugly thing
 10092 | D:11     | Killed a green ugly thing
 10204 | D:11     | Noticed AdeptTechnicus's ghost (journeyman SpAs)
 10208 | D:11     | Noticed a purple ugly thing
 10209 | D:11     | Noticed a two-headed ogre
 10229 | D:11     | Killed AdeptTechnicus's ghost
 10229 | D:11     | Reached ****** piety under Okawaru
 10229 | D:11     | Received a gift from Okawaru
 10240 | D:11     | Killed a purple ugly thing
 10247 | D:11     | Killed a two-headed ogre
 10247 | D:11     | Reached XP level 12. HP: 40/105 MP: 11/11
 10351 | D:11     | Noticed Josephine
 10368 | D:11     | Killed Josephine
 10755 | D:12     | Reached skill level 13 in Shields
 10834 | D:12     | Received a gift from Okawaru
 10834 | D:12     | Reached skill level 10 in Fighting
 12073 | D:13     | Noticed Kirke
 12097 | D:13     | Received a gift from Okawaru
 12119 | D:13     | Killed Kirke
 12170 | D:13     | Noticed Nessos
 12178 | D:13     | Killed Nessos
 12259 | D:13     | Noticed an eight-headed hydra
 12272 | D:13     | Noticed a vault guard
 12290 | D:13     | Killed a 14-headed hydra
 12305 | D:13     | Killed a vault guard
 12305 | D:13     | Reached skill level 14 in Shields
 12627 | D:13     | Noticed Urug
 12640 | D:13     | Killed Urug
 12640 | D:13     | Reached skill level 15 in Long Blades
 12640 | D:13     | Reached XP level 13. HP: 85/116 MP: 12/12
 12866 | D:13     | Reached skill level 1 in Invocations
 13380 | D:13     | Found a gate to the Vaults.
 13506 | D:13     | Reached skill level 1 in Evocations
 13854 | D:14     | Received a gift from Okawaru
 13960 | D:14     | Found a labyrinth entrance.
 13971 | Lab      | Entered a labyrinth
 14354 | Lab      | Noticed a minotaur
 14364 | Lab      | Killed a minotaur
 14372 | Lab      | Got a sapphire hand axe
 14376 | Lab      | Identified the +3 hand axe of the Enemy {flame, Int+3} (You found it in a labyrinth)
 14448 | D:14     | Reached skill level 15 in Shields
 15103 | D:14     | You fall through a shaft!
 15103 | D:15     | Entered Level 15 of the Dungeon
 15393 | Lair:1   | Entered Level 1 of the Lair of Beasts
 15577 | Lair:1   | Received a gift from Okawaru
 15583 | Lair:1   | Got a steaming hat {god gift}
 15589 | Lair:1   | Identified the +1 hat of Knowledge {rC+ Str+3 Dex+3} (Okawaru gifted it to you on level 1 of the Lair of Beasts)
 15892 | Lair:1   | Noticed Nergalle
 15906 | Lair:1   | Killed Nergalle
 16571 | Lair:2   | Found a staircase to the Snake Pit.
 16833 | Lair:2   | Noticed Gastronok
 16847 | Lair:2   | Killed Gastronok
 16980 | Lair:2   | Found a staircase to the Shoals.
 17130 | Lair:2   | Received a gift from Okawaru
 17217 | Lair:2   | Reached XP level 14. HP: 126/126 MP: 15/15
 17729 | Lair:3   | Reached skill level 16 in Shields
 18095 | Lair:3   | Got a brightly glowing scale mail
 18111 | Lair:3   | Noticed Fannar
 18156 | Lair:3   | Killed Fannar
 19055 | Lair:4   | Received a gift from Okawaru
 19071 | Lair:4   | Got a fine shield {god gift}
 19084 | Lair:4   | Identified the +0 shield of Qecvu {Str+2 Slay+2} (Okawaru gifted it to you on level 4 of the Lair of Beasts)
 19449 | Lair:4   | Reached skill level 17 in Shields
 20391 | Lair:5   | Identified the +3 scale mail "Ymonom" {rC+++ Str-4 Int+5 Dex-3} (You found it on level 3 of the Lair of Beasts)
 20412 | Lair:6   | Entered Level 6 of the Lair of Beasts
 20648 | Lair:6   | Found a staircase to the Slime Pits.
 20952 | Lair:6   | Received a gift from Okawaru
 21499 | Lair:6   | Found a runed door.
 21655 | Lair:6   | Reached skill level 18 in Shields
 21655 | Lair:6   | Reached XP level 15. HP: 102/136 MP: 16/16
 22643 | Orc:1    | Entered Level 1 of the Orcish Mines
 22833 | Orc:2    | Entered Level 2 of the Orcish Mines
 22849 | Orc:2    | Found Red Lyliom's Jewellery Emporium.
 23127 | Orc:2    | Paralysed by an ogre mage for 3 turns
 23528 | Orc:2    | Received a gift from Okawaru
 23616 | Orc:1    | Identified a +0 pair of boots of running (Okawaru gifted it to you on level 2 of the Orcish Mines)
 24034 | Orc:2    | Found Voameno's Magic Scroll Shoppe.
 24062 | Orc:2    | Found Cimeet's Armour Boutique.
 24068 | Orc:2    | Bought a scroll of enchant armour for 112 gold pieces
 24068 | Orc:2    | Bought a scroll of blinking for 112 gold pieces
 24068 | Orc:2    | Bought a scroll of blinking for 112 gold pieces
 24077 | Orc:2    | Found Keyl's Weapon Shoppe.
 24078 | Orc:2    | Found Ecroissa's Book Emporium.
 24173 | Orc:2    | Found Wida Laure's Magic Scroll Emporium.
 24199 | Orc:2    | Found Ehotyle's Jewellery Shop.
 24200 | Orc:2    | Found Itattuk's Antique Armour Boutique.
 24224 | Orc:2    | Bought a cursed ring of loudness for 72 gold pieces
 24268 | Orc:2    | Found Kiboib's Antique Armour Emporium.
 24300 | Orc:2    | Bought a pair of encrusted gloves for 313 gold pieces
 24312 | Orc:2    | Identified the +0 pair of gloves of Goxtylop {rPois rC++} (You bought it in a shop on level 2 of the Orcish Mines)
 24314 | Orc:2    | Bought a shiny shield for 247 gold pieces
 24368 | Orc:2    | Found a staircase to the Elven Halls.
 24552 | Orc:1    | Noticed brittlin's ghost (journeyman HOFi)
 25240 | D:15     | Received a gift from Okawaru
 25255 | D:15     | Found the cursed necklace of Bloodlust {*Rage +Rage MR++ Int-3 Slay+6 *Curse}
 25270 | D:15     | Identified the Papyrus of the Doomed Mountains
 25458 | D:15     | Found a staircase to the Depths.
 25610 | D:15     | Reached skill level 19 in Shields
 25713 | D:15     | Received a gift from Okawaru
 26396 | Snake:1  | Entered Level 1 of the Snake Pit
 27248 | Shoals:1 | Entered Level 1 of the Shoals
 27428 | Shoals:1 | Reached skill level 15 in Armour
 27431 | Shoals:1 | Reached XP level 16. HP: 97/147 MP: 17/17
 28230 | Shoals:1 | Noticed a kraken
 28248 | Shoals:1 | HP: 7/147 [kraken (12)]
 28250 | Shoals:1 | Annihilated by a kraken

Skill      XL: |  1  2  3  4  5  6  7  8  9 10 11 12 13 14 15 |
---------------+----------------------------------------------+-----
Armour         | 4 5 6 7 8 10 11 12 13 14 15 | 15.1
Long Blades    | 3 4 5 7 9 10 12 13 15 16 | 16.8
Shields        | 4 5 6 7 9 10 12 14 15 18 19 | 19.6
Fighting       | 4 5 6 7 8 9 11 12 13 14 | 14.6
Stealth        | 1 2 |  2.3
Dodging        | 1 2 3 4 |  4.2
Invocations    | 2 3 |  3.2
Evocations     | 1 |  1.6

Action                   |  1- 3 |  4- 6 |  7- 9 | 10-12 | 13-15 | 16-18 || total
-------------------------+-------+-------+-------+-------+-------+-------++-------
Melee: Long sword        |    97 |   136 |   335 |       |  1212 |   127 ||  1907
       Headbutt          |    11 |    28 |   105 |   216 |   414 |    38 ||   812
       Falchion          |       |       |   198 |   940 |   107 |       ||  1245
Invok: Heroism           |       |       |       |     3 |     9 |     1 ||    13
       Finesse           |       |       |       |     1 |     2 |       ||     3
Evoke: Wand              |       |       |     3 |     6 |     8 |       ||    17
  Use: Scroll            |       |    11 |     6 |    17 |     7 |       ||    41
       Potion            |       |     1 |       |       |     3 |       ||     4
 Stab: Confused          |       |       |       |       |     1 |       ||     1
  Eat: Chunk             |       |     4 |    13 |    17 |    33 |     4 ||    71
       Ration            |       |       |       |     2 |     4 |       ||     6
Armor: Scale mail        |     5 |       |       |       |       |       ||     5
       Plate armour      |    54 |    71 |   220 |   346 |   498 |    55 ||  1244
Dodge: Dodged            |    19 |    22 |    59 |   179 |   290 |    38 ||   607
Block: Shield            |    61 |    71 |   236 |   485 |   547 |       ||  1400
       Large shield      |       |       |       |    46 |   519 |   212 ||   777
       Reflection        |       |       |       |     9 |    10 |    21 ||    40
       Rpst.: Long sword |     5 |     5 |    11 |       |    64 |     5 ||    90
       Falchion          |       |       |     4 |    51 |     1 |       ||    56
